 Dungeon Crawl Stone Soup version 0.27-a0-1065-ge809cff456 (webtiles) character file.

Game seed: 13712957106776502617

6008 1player the Destroyer (level 10, -2/59 HPs)
             Began as a Gargoyle Earth Elementalist on Apr 22, 2021.
             Was a Believer of Qazlal.
             Slain by a mana viper (5 damage)
             ... on level 2 of the Abyss.
             The game lasted 00:45:32 (15661 turns).

1player the Destroyer (GrEE)                       Turns: 15661, Time: 00:45:33

Health: -2/59      AC: 14    Str: 12    XL:     10   Next: 85%
Magic:  2/17       EV: 11    Int: 19    God:    Qazlal [**....]
Gold:   347        SH:  7    Dex: 10    Spells: 11/19 levels left

rFire    . . .     SeeInvis .   N - +2 dagger (speed)
rCold    . . .     Faith    .   A - +0 buckler
rNeg     + . .     Spirit   .   O - +0 acid dragon scales
rPois    ∞         Reflect  .   (no helmet)
rElec    +         Harm     .   (no cloak)
rCorr    +         Rampage  .   (no gloves)
Will     .....                  (no boots)
Stlth    ++........             (no amulet)
HPRegen  0.19/turn              I - ring of flight
MPRegen  0.15/turn              (no ring)

@: flying
A: AC +7, negative energy resistance 1, electricity resistance, torment
resistance 1, unbreathing 1, petrification resistance
a: Renounce Religion, Upheaval


You were on level 2 of the Abyss.
You worshipped Qazlal.
Qazlal was pleased with you.
You visited 2 branches of the dungeon, and saw 10 of its levels.
You visited the Abyss 1 time.
You also visited: Sewer.

You collected 389 gold pieces.
You spent 42 gold pieces at shops.

Inventory:

Hand Weapons
 N - a +2 dagger of speed (weapon)
Missiles
 b - 244 stones
Armour
 A - a +0 buckler (worn)
 O - +0 acid dragon scales (worn)
 W - a +2 robe of the Archmagi
Jewellery
 I - a ring of flight (left hand)
 T - a ring of ice
Wands
 L - a wand of paralysis (30)
 P - a wand of digging (6)
 Q - a wand of flame (8)
Scrolls
 k - 2 scrolls of vulnerability
 p - 5 scrolls of teleportation
 w - 2 scrolls of fog
 x - a scroll of fear
 z - a scroll of blinking
 F - 2 scrolls of enchant armour {unknown}
 G - 2 scrolls of magic mapping {unknown}
 K - 2 scrolls of enchant weapon
 U - a scroll of holy word
 V - a scroll of amnesia
Potions
 f - 2 potions of might
 j - a potion of haste
 l - 3 potions of attraction
 o - a potion of magic
 v - 2 potions of flight
 B - a potion of ambrosia
 H - a potion of mutation {!q}
 M - 2 potions of curing {@q1}
 S - a potion of brilliance {unknown}
Miscellaneous
 R - a lightning rod (4/4)


   Skills:
 * Level 5.5 Fighting
 + Level 6.4 Armour
 - Level 1.7 Dodging
 - Level 3.0 Stealth
 - Level 4.0 Shields
 - Level 5.3 Spellcasting
 - Level 10.0 Conjurations
 - Level 0.7 Transmutations
 - Level 10.0 Earth Magic


You had 11 spell levels left.
You knew the following spells:

 Your Spells              Type           Power      Damage    Failure   Level
a - Passwall              Tmut/Erth      20%        N/A       2%          2
q - Sandblast             Erth           86%        2d18      1%          1
w - Stone Arrow           Conj/Erth      86%        3d12      1%          3
z - Searing Ray           Conj           86%        3d6       1%          2

Your spell library contained the following spells:

 Spells                   Type           Power      Damage    Failure   Level
 Magic Dart               Conj           100%       1d8       1%          1
 Dazzling Flash           Conj/Hex       48%        N/A       7%          3
 Lee's Rapid Deconstruct  Erth           21%        3d13*     8%          5
 Beastly Appendage        Tmut           14%        N/A       13%         1
 Corona                   Hex            5%         N/A       17%         1
 Freeze                   Ice            20%        1d4       17%         1
 Wereblood                Tmut           7%         N/A       19%         2
 Petrify                  Tmut/Erth      25%        N/A       19%         4
 Fulminant Prism          Conj/Hex       12%        3d9       22%         4
 Hailstorm                Conj/Ice       24%        3d7       22%         4
 Iskenderun's Mystic Bla  Conj/Tloc      24%        2d7       22%         4
 Leda's Liquefaction      Hex/Erth       12%        N/A       22%         4
 Slow                     Hex            5%         N/A       26%         2
 Spider Form              Tmut/Pois      3%         N/A       41%         3
 Confusing Touch          Hex            5%         N/A       45%         3
 Frozen Ramparts          Ice            10%        1d3       45%         3
 Gell's Gravitas          Tloc           2%         N/A       45%         3
 Inner Flame              Hex/Fire       5%         N/A       45%         3
 Ozocubu's Armour         Ice            5%         N/A       45%         3
 Portal Projectile        Hex/Tloc       10%        N/A       45%         3
 Ice Form                 Ice/Tmut       6%         N/A       82%         4
 Cause Fear               Hex            2%         N/A       86%         4
 Hydra Form               Tmut           3%         N/A       98%         5
 Metabolic Englaciation   Hex/Ice        2%         N/A       99%         5
 Yara's Violent Unravell  Hex/Tmut       3%         3d4       99%         5


Dungeon Overview and Level Annotations

Branches:
Dungeon (9/15)             Temple (1/1) D:5            Lair (0/6) D:9
  Sewer (visited)
    Orc: D:9-12

Altars:
Cheibriados
Dithmenos
Elyvilon
Fedhas
Gozag
Hepliaklqana
Kikubaaqudgha
Makhleb
Nemelex Xobeh
Okawaru
Qazlal
Ru
Sif Muna
Trog
Uskayaw
Vehumet
Wu Jian
Xom
Yredelemnul
Zin
The Shining One

Shops:
D:7 *


Innate Abilities, Weirdness & Mutations

Your stone body is resilient. (AC +7)
You are immune to poison.
You resist negative energy. (rN+)
You are resistant to electric shocks. (rElec)
You are resistant to unholy torment.
You can survive without breathing.
You are immune to petrification.


Message History

The ufetubus disappears in a puff of smoke!
The mana viper bites you but does no damage.
The ufetubus closely misses you. The ufetubus barely misses you.
You closely miss the mana viper.
The mana viper is heavily wounded.
The mana viper bites you!
The ufetubus hits you but does no damage.
The ufetubus barely misses you.
You hit the mana viper.
The mana viper is heavily wounded.
The mana viper barely misses you. You block the ufetubus's attack.
The ufetubus hits you but does no damage.
You hit the mana viper.
The mana viper is heavily wounded.
The ufetubus closely misses you.
The ufetubus hits you but does no damage.
The mana viper bites you but does no damage.
Unknown command.
You block the large abomination's attack.
The large abomination hits you!!
* * * LOW HITPOINT WARNING * * *
An ancient zyme comes into view.
You feel yourself growing ill in the presence of the ancient zyme.
The mana viper barely misses you. The ancient zyme closely misses you.
The ancient zyme barely misses you.
Found 12 stones.
You block the ancient zyme's attack. x2; The mana viper misses you.
You hit the ancient zyme.
The ancient zyme is lightly damaged.
You block the ancient zyme's attack.
The ancient zyme hits you but does no damage.
The mana viper bites you but does no damage.
You hit the ancient zyme but do no damage.
The ancient zyme is lightly damaged.
The mana viper misses you. You block the ancient zyme's attack.
The ancient zyme hits you but does no damage.
You barely miss the mana viper.
The mana viper is heavily wounded.
The mana viper bites you.
You die...

.# ... #..
#....# . ..#
.##### #.
#...#..#..## ..
..#?#.#.#5.# .#
......X.#S#..#
#.#..#.5#@x..#
#
......###...(#
...####t##
x#..# ..#.#5#
...§. .
...#t### ##.# .
.....#X3.#...##
. ####?.#5##
##. .........X5
... #. ....##..
. ##


You could see an ancient zyme, a mana viper, a small abomination and an ufetubus
(summoned).

Vanquished Creatures
  A death yak (D:9)
  A troll (D:9)
  10 yaks
  A wyvern (D:9)
  A basilisk (D:9)
  Menkaure (D:7)
  An acid dragon (D:8)
  2 water moccasins
  A black bear (D:9)
  A sky beast (D:7)
  2 orc warriors
  2 ogres
  An ice beast (D:8)
  2 centaurs
  2 phantoms
  2 bullfrogs
  A gnoll sergeant (D:7)
  2 scorpions
  A wyvern skeleton (D:7)
  A water moccasin skeleton (D:4)
  13 wights
  A crimson imp (D:9)
  2 bullfrog zombies (D:5)
  2 centaur zombies
  2 hounds
  A jelly (D:5)
  3 orc priests
  A gnoll shaman (D:5)
  3 centaur skeletons
  An iguana (D:6)
  A scorpion zombie (D:5)
  9 orc wizards
  A hound skeleton (D:4)
  14 gnolls
  7 adders
  A river rat (D:5)
  An adder skeleton (D:4)
  7 worms
  2 dart slugs
  19 orcs
  9 ball pythons
  11 endoplasms
  6 giant cockroaches
  7 goblins
  13 hobgoblins
  15 jackals
  3 kobolds
  7 quokkas
  13 bats
  3 frilled lizards
  4 rats
218 creatures vanquished.

Vanquished Creatures (others)
  A fungus (D:9)
  A plant (D:9)
  4 starspawn tentacles (Abyss:2)
6 creatures vanquished.

Grand Total: 224 creatures vanquished

Notes
Turn   | Place    | Note
-------+----------+-------------------------------------------
     0 | D:1      | 1player the Gargoyle Earth Elementalist began the quest for
                  | the Orb.
     0 | D:1      | Reached XP level 1. HP: 10/10 MP: 3/3
   445 | D:1      | Found a faded altar of an unknown god.
   514 | D:1      | Reached skill level 1 in Fighting
   583 | D:1      | Reached XP level 2. HP: 6/16 MP: 0/5
  1036 | D:1      | Reached skill level 1 in Conjurations
  1583 | D:1      | Reached XP level 3. HP: 21/21 MP: 6/6
  1586 | D:1      | Learned a level 2 spell: Searing Ray
  2460 | D:2      | Learned a level 2 spell: Passwall
  2836 | D:2      | Reached XP level 4. HP: 27/27 MP: 2/7
  4042 | D:3      | Reached XP level 5. HP: 26/32 MP: 5/8
  4479 | D:3      | Found an opulent altar of Gozag.
  5355 | D:4      | Reached skill level 5 in Earth Magic
  5355 | D:4      | Reached XP level 6. HP: 37/37 MP: 5/9
  5742 | D:4      | Found a white marble altar of Elyvilon.
  6084 | D:4      | Found a radiant altar of Vehumet.
  6098 | D:4      | Found a shimmering altar of Xom.
  6098 | D:4      | Found an ancient bone altar of Kikubaaqudgha.
  6111 | D:4      | Found a sacrificial altar of Ru.
  6114 | D:4      | Found a hazy altar of Hepliaklqana.
  6153 | D:5      | Entered Level 5 of the Dungeon
  6356 | D:5      | Found a glowing drain.
  6364 | Sewer    | Entered a sewer
  7380 | D:5      | Reached skill level 1 in Shields
  7434 | D:5      | Reached XP level 7. HP: 39/41 MP: 6/10
  7742 | D:5      | Found a staircase to the Ecumenical Temple.
  7752 | Temple   | Entered the Ecumenical Temple
  7971 | Temple   | Became a worshipper of Qazlal Stormbringer
  8148 | D:5      | Reached skill level 1 in Armour
  8502 | D:5      | Reached XP level 8. HP: 46/46 MP: 7/11
  9275 | D:6      | Reached skill level 5 in Armour
 10623 | D:7      | Reached skill level 5 in Spellcasting
 10729 | D:7      | Reached XP level 9. HP: 8/51 MP: 7/16
 11155 | D:7      | Reached skill level 5 in Conjurations
 11372 | D:7      | Reached * piety under Qazlal
 11679 | D:7      | Learned a level 3 spell: Stone Arrow
 11781 | D:7      | Found Sucw's General Store.
 11796 | D:7      | Bought a scroll of teleportation for 42 gold pieces
 11932 | D:7      | Noticed Menkaure
 11936 | D:7      | Killed Menkaure
 14029 | D:8      | Reached XP level 10. HP: 55/56 MP: 8/17
 14290 | D:9      | Reached skill level 10 in Conjurations
 14373 | D:9      | Found a staircase to the Lair.
 14938 | D:9      | Reached skill level 10 in Earth Magic
 15088 | D:9      | Noticed a death yak
 15103 | D:9      | Killed a death yak
 15152 | D:8      | Reached skill level 5 in Fighting
 15504 | D:9      | Noticed a wizard
 15523 | D:9      | Reached ** piety under Qazlal
 15525 | D:9      | Cast into level 2 of the Abyss (a wizard)
 15593 | Abyss:2  | Noticed a mana viper
 15600 | Abyss:2  | Noticed a large abomination
 15611 | Abyss:2  | Noticed a tentacled starspawn
 15633 | Abyss:2  | Noticed an apocalypse crab
 15655 | Abyss:2  | HP: 2/59 [large abomination (22)]
 15661 | Abyss:2  | Slain by a mana viper

Illustrated notes

Levels and vault maps discovered:
D:1:      scummos_arrival_star, layout_basic,
          shapermc_ecumenical_altar_notcrosses
D:2:      layout_rooms
D:3:      layout_basic, grunt_gozag_breadcrumbs, minmay_misc_feat_chi,
          minmay_goblin_outpost
D:4:      layout_cave_pools, minmay_overflow_temple_star_hex, elyvilon_altar_5,
          serial_bayou_pond_c
D:5:      layout_basic, temple_statues, gup_sewer_entry_bubbles,
          chequers_serial_rivers_micro_b, hex_medium
D:6:      layout_cave_pools
D:7:      layout_loops_corners, serial_shops, nicolae_shop_statue_plus,
          amcnicky_mini_rare_corridor_liquid, hangedman_decor_peaks_small,
          uniq_crazy_yiuf_cottage, uniq_menkaure
D:8:      layout_basic, chequers_garden
D:9:      layout_basic, david_lair_generic, lightli_wizard_tower
Temple:   eino_temple_water
Abyss:2:  base: D:3, lemuel_flamethrower_3, hangedman_abyss_batty_box

Skill      XL: |  1  2  3  4  5  6  7  8  9 10 |
---------------+-------------------------------+-----
Fighting       | 1 2 3 5 |  5.5
Conjurations   | 1 2 3 4 9 10 | 10.0
Stealth        | 3 |  3.0
Earth Magic    | 5 6 8 10 | 10.0
Shields        | 2 4 |  4.0
Armour         | 4 5 6 |  6.4
Spellcasting   | 5 |  5.3
Dodging        | |  1.7
Transmutations | |  0.7

Action                   |  1- 3 |  4- 6 |  7- 9 | 10-12 || total
-------------------------+-------+-------+-------+-------++-------
Melee: Dagger            |    59 |   192 |    48 |    22 ||   321
 Cast: Sandblast         |    18 |    39 |    85 |    11 ||   153
       Searing Ray       |    10 |    24 |    46 |    16 ||    96
       Stone Arrow       |       |       |     2 |    21 ||    23
  Use: Scroll            |     4 |     8 |     6 |     2 ||    20
       Potion            |       |     3 |     3 |     2 ||     8
 Stab: Sleeping          |     4 |     3 |     1 |       ||     8
       Distracted        |       |     1 |       |       ||     1
Armor: Robe              |    21 |   126 |     3 |       ||   150
       Ring mail         |       |       |    46 |       ||    46
       Acid dragon scale |       |       |    12 |    46 ||    58
Dodge: Dodged            |    46 |   179 |    65 |    61 ||   351
Block: Buckler           |       |     2 |    40 |    44 ||    86

Table legend: (Time is in decaauts)
 A = Elapsed time spent in this place.
 B = Non-inter-level travel time spent in this place.
 C = Inter-level travel time spent in this place.
 D = Time resting spent in this place.
 E = Time spent auto-exploring this place.
 F = Levels seen in this place.
 G = Mean time per level.
                   A        B        C        D        E       F      G
               +--------+--------+--------+--------+--------+-----+--------+
         Total |  15828 |  15113 |    715 |   5998 |   5803 |  12 | 1319.0 |
       Dungeon |  14365 |  13660 |    705 |   5537 |   5206 |   9 | 1596.1 |
        Temple |    230 |    220 |     10 |      0 |    197 |   1 |  230.0 |
         Abyss |    114 |    114 |      0 |     23 |      0 |   1 |  114.0 |
         Sewer |   1116 |   1116 |      0 |    437 |    399 |   1 | 1116.0 |
               +--------+--------+--------+--------+--------+-----+--------+

Top non-repeatable levels by time:
     D:7: 2330 daAuts
     D:5: 2062 daAuts
     D:1: 2027 daAuts
     D:8: 1793 daAuts
     D:3: 1736 daAuts
     D:2: 1527 daAuts
     D:9: 1180 daAuts
   Sewer: 1116 daAuts
     D:4: 1035 daAuts
     D:6: 672 daAuts
  Temple: 230 daAuts
 Abyss:2: 114 daAuts
